Blackhawks vs Red Wings

Created - February 21, 2021 at 19:10

Goals
1 2 3 T
Blackhawks 1 0 3 4
Red Wings 2 0 1 3
Shots
1 2 3 T
Blackhawks 14 8 14 36
Red Wings 9 9 13 31

1st period

1. Red Wings , Connor Brown 24 (Philip Samuelsson 29, Evgeni Malkin 25) at 16:24
2. Blackhawks , Tim Connolly 10 (Patrick Marleau 16, John Carlson 32) at 17:03
3. Red Wings , Marko Dano 14 (Kris Versteeg 21, Mike Richards 28) at 19:51

Penalties :
Ole-Kristian Tollefsen (Det) for Hooking (Minor) at 17:06

2nd period

No Goal

Penalties :
Derick Brassard (Chi) for High sticking (Minor) at 0:22, Johnny Gaudreau (Chi) for Hooking (Minor) at 17:41

3rd period

4. Blackhawks , Antoine Roussel 28 (Derick Brassard 40) at 7:50
5. Red Wings , Evgeni Malkin 17 (Ole-Kristian Tollefsen 22, Kellan Lain 11) at 8:00
6. Blackhawks , Johnny Gaudreau 23 (Matthew Spiller 5, Nick Leddy 12) at 16:22
7. Blackhawks , Tim Connolly 11 (Nick Leddy 13, Brad Boyes 16) at 19:32

Penalties :
Mike Richards (Det) for Roughing (Minor) at 2:52, Brent Seabrook (Chi) for Holding (Minor) at 8:03

Goalie Stats

Jimmy Howard (Chi), 28 saves from 31 shots - (0.903), W, 20-16-2, 60:00 minutes
Robin Lehner (Det), 32 saves from 36 shots - (0.889), L, 17-22-5, 59:36 minutes

Players Stats for Blackhawks

Player Name              G  A  P  +/- PIM S  H  SB GA TA FO     MP     PP MP  PK MP  
------------------------------------------------------------------------------------
Antoine Roussel          1  0  1  -1  0   6  0  0  1  0  1/1    23:18   1:59   3:16 
Brad Boyes               0  1  1  -1  0   2  1  1  0  0  1/2    19:02   1:12   0:00 
Brent Seabrook           0  0  0  -1  2   2  1  4  1  0  0/0    26:39   2:20   1:59 
Cody Hodgson             0  0  0   1  0   2  1  0  0  0  6/11   15:09   1:39   0:22 
Derick Brassard          0  1  1  -1  2   1  0  2  0  0  17/36  20:36   1:59   0:24 
Gabriel Bourque          0  0  0   0  0   1  2  0  0  0  0/0     7:36   0:14   0:28 
Garnet Hathaway          0  0  0   0  0   2  0  0  0  0  0/0     7:21   0:09   0:00 
Gustav Nyquist           0  0  0   0  0   1  1  0  0  0  0/0    11:43   0:00   0:00 
John Carlson             0  1  1  -1  0   3  1  1  1  0  0/0    27:55   2:20   3:14 
Johnny Gaudreau          1  0  1   1  2   3  0  0  0  0  0/0    15:41   1:36   0:46 
Martins Karsums          0  0  0   1  0   2  1  0  0  0  1/1    13:24   0:00   0:00 
Matthew Spiller          0  1  1   1  0   0  0  1  0  0  0/0    11:29   0:00   0:00 
Mike Comrie              0  0  0   1  0   3  0  0  0  0  2/7    11:09   0:42   3:17 
Nick Leddy               0  2  2   1  0   0  1  1  0  0  0/0    20:20   1:38   2:50 
Patrick Marleau          0  1  1   1  0   1  0  0  0  0  1/1    14:12   0:00   1:54 
Ryan Whitney             0  0  0   1  0   1  0  1  0  1  0/0    12:37   0:00   1:08 
Tim Connolly             2  0  2   1  0   4  2  2  1  0  2/4    15:38   2:24   1:27 
Torey Krug               0  0  0   1  0   2  1  0  0  1  0/0    20:11   1:38   2:43 

Players Stats for Red Wings

Player Name              G  A  P  +/- PIM S  H  SB GA TA FO     MP     PP MP  PK MP  
------------------------------------------------------------------------------------
Alex Picard              0  0  0  -1  0   1  0  0  0  0  1/1    12:08   0:00   0:58 
Carson Mcmillan          0  0  0   0  0   1  1  0  0  0  0/0    12:59   0:00   2:12 
Connor Brown             1  0  1   2  0   3  0  0  0  0  0/0    19:32   2:29   0:00 
Darroll Powe             0  0  0   0  0   0  0  0  0  0  3/5     8:48   0:00   2:12 
David Krejci             0  0  0  -1  0   1  1  0  1  1  1/5    12:02   0:00   0:58 
Evgeni Malkin            1  1  2   2  0   4  2  1  0  0  20/36  21:23   3:28   0:48 
Jakub Kindl              0  0  0   0  0   1  0  0  0  0  0/0    12:43   0:00   1:24 
Jiri Fischer             0  0  0  -1  0   1  2  1  0  0  0/0    20:36   2:17   1:25 
Kellan Lain              0  1  1   2  0   2  1  0  0  0  0/0    19:02   2:29   0:00 
Kris Versteeg            0  1  1  -2  0   8  1  0  0  0  0/2    19:14   3:28   0:00 
Lasse Kukkonen           0  0  0   0  0   0  0  1  0  0  0/0    11:08   0:00   0:00 
Marko Dano               1  0  1  -2  0   4  0  0  1  0  0/0    19:14   3:28   0:00 
Michael Haley            0  0  0   0  0   0  0  0  0  0  0/0     7:24   0:00   0:48 
Mike Richards            0  1  1  -2  2   3  0  1  0  0  7/14   17:46   2:29   0:00 
Ole-Kristian Tollefsen   0  1  1   0  2   0  2  2  0  1  0/0    26:14   3:40   1:09 
Petr Pohl                0  0  0  -1  0   0  0  0  0  0  0/0     6:55   0:00   0:00 
Philip Samuelsson        0  1  1   0  0   2  1  1  0  2  0/0    28:16   3:40   2:33 
Ryan O'Byrne             0  0  0  -1  0   0  1  2  0  0  0/0    20:36   2:17   1:25 

3 Stars

1 - Tim Connolly (Chi)
2 - Evgeni Malkin (Det)
3 - Nick Leddy (Chi)

Power Play

Blackhawks - 0 on 2 Attempt(s) - 0.00%
Red Wings - 0 on 3 Attempt(s) - 0.00%

Penalty Kill

Blackhawks - 3 on 3 Attempt(s) - 100.00% - Score 0 goal in Penalty Kill
Red Wings - 2 on 2 Attempt(s) - 100.00% - Score 0 goal in Penalty Kill

Team Stat

Blackhawks - Hits : 12 - Faceoff Wins : 31 - Blocked Shots : 13 - Penalty Minutes : 6
Red Wings - Hits : 12 - Faceoff Wins : 32 - Blocked Shots : 9 - Penalty Minutes : 4

Official

Referees : Unknown
Linesman : Unknown

Game Notes

No Game Note

Finance

Level 1 -- Attendance: 5733 (95.55%) -- Ticket Income $613,431
Level 2 -- Attendance: 3824 (76.48%) -- Ticket Income $271,504
Level 3 -- Attendance: 1590 (79.50%) -- Ticket Income $76,320
Level 4 -- Attendance: 2982 (74.55%) -- Ticket Income $98,406
Luxury Box -- Attendance: 885 (88.50%) -- Ticket Income $168,150
Game was played at the Joe Louis Arena.
Total Attendance: 15014 (83.41%)
Total Ticket Income: $1,227,811
Other Income: $184,172
Total Income: $1,411,983

Blackhawks

5 vs 5 Forward 
   Center                   Left Wing                Right Wing               Time % Phy DF OF 
 1 Derick Brassard          Antoine Roussel          Brad Boyes               40     1   2  2  
 2 Cody Hodgson             Johnny Gaudreau          Martins Karsums          30     1   2  2  
 3 Tim Connolly             Patrick Marleau          Gustav Nyquist           20     1   2  2  
 4 Mike Comrie              Gabriel Bourque          Garnet Hathaway          10     1   2  2  

5 vs 5 Defense 
   Defense                  Defense                                           Time % Phy DF OF 
 1 John Carlson             Brent Seabrook                                    40     1   2  2  
 2 Torey Krug               Nick Leddy                                        30     1   2  2  
 3 Matthew Spiller          Ryan Whitney                                      20     1   2  2  
 4 John Carlson             Brent Seabrook                                    10     1   2  2  

PowerPlay Forward 
   Center                   Left Wing                Right Wing               Time % Phy DF OF 
 1 Derick Brassard          Antoine Roussel          Tim Connolly             60     1   2  2  
 2 Cody Hodgson             Johnny Gaudreau          Brad Boyes               40     1   2  2  

PowerPlay Defense
   Defense                  Defense                                           Time % Phy DF OF 
 1 John Carlson             Brent Seabrook                                    60     1   2  2  
 2 Torey Krug               Nick Leddy                                        40     1   2  2  

Penalty Kill 4 Players Forward 
   Center                   Wing                     Time % Phy DF OF 
 1 Mike Comrie              Antoine Roussel          60     1   2  2  
 2 Tim Connolly             Patrick Marleau          40     1   2  2  

Penalty Kill 4 Players Defense
   Defense                  Defense                  Time % Phy DF OF 
 1 John Carlson             Brent Seabrook           60     1   2  2  
 2 Torey Krug               Nick Leddy               40     1   2  2  

Penalty Kill - 3 Players Forward 
   Forward                                           Time % Phy DF OF 
 1 Mike Comrie                                       60     1   2  2  
 2 Tim Connolly                                      40     1   2  2  

Penalty Kill - 3 Players Defense
   Defense                  Defense                  Time % Phy DF OF 
 1 John Carlson             Brent Seabrook           60     1   2  2  
 2 Torey Krug               Nick Leddy               40     1   2  2  

4 vs 4 Forward 
   Center                   Wing                     Time % Phy DF OF 
 1 Derick Brassard          Antoine Roussel          60     1   2  2  
 2 Cody Hodgson             Mike Comrie              40     1   2  2  

4 vs 4 Defense
   Defense                  Defense                  Time % Phy DF OF 
 1 John Carlson             Brent Seabrook           60     1   2  2  
 2 Torey Krug               Nick Leddy               40     1   2  2  

Last Minutes Offensive
   Center                   Left Wing                Right Wing               Defense                  Defense                  
   Derick Brassard          Antoine Roussel          Martins Karsums          John Carlson             Brent Seabrook           

Last Minutes Defensive
   Center                   Left Wing                Right Wing               Defense                  Defense                  
   Derick Brassard          Antoine Roussel          Martins Karsums          John Carlson             Brent Seabrook           

Goaltenders
Starting : Jimmy Howard             
Backup : Pekka Rinne              

Extra Forwards
Normal : Tim Connolly, Mike Comrie, Patrick Marleau - PP : Tim Connolly, Mike Comrie - PK : Patrick Marleau
Extra Defensemen
Normal : Matthew Spiller, Ryan Whitney, Torey Krug - PP : Matthew Spiller - PK : Ryan Whitney, Torey Krug
Penalty Shots
Antoine Roussel, Derick Brassard, Johnny Gaudreau, Tim Connolly, Cody Hodgson

Scratches
Rick Nash (Suspend)

Red Wings

5 vs 5 Forward 
   Center                   Left Wing                Right Wing               Time % Phy DF OF 
 1 Evgeni Malkin            Kellan Lain              Connor Brown             40     1   2  2  
 2 Mike Richards            Marko Dano               Kris Versteeg            30     1   2  2  
 3 David Krejci             Alex Picard              Carson Mcmillan          20     1   2  2  
 4 Darroll Powe             Michael Haley            Petr Pohl                10     1   2  2  

5 vs 5 Defense 
   Defense                  Defense                                           Time % Phy DF OF 
 1 Philip Samuelsson        Ole-Kristian Tollefsen                            40     1   2  2  
 2 Ryan O'Byrne             Jiri Fischer                                      30     1   2  2  
 3 Lasse Kukkonen           Jakub Kindl                                       20     1   2  2  
 4 Philip Samuelsson        Ole-Kristian Tollefsen                            10     1   2  2  

PowerPlay Forward 
   Center                   Left Wing                Right Wing               Time % Phy DF OF 
 1 Evgeni Malkin            Marko Dano               Kris Versteeg            60     1   2  2  
 2 Mike Richards            Kellan Lain              Connor Brown             40     1   2  2  

PowerPlay Defense
   Defense                  Defense                                           Time % Phy DF OF 
 1 Philip Samuelsson        Ole-Kristian Tollefsen                            60     1   2  2  
 2 Ryan O'Byrne             Jiri Fischer                                      40     1   2  2  

Penalty Kill 4 Players Forward 
   Center                   Wing                     Time % Phy DF OF 
 1 Darroll Powe             Carson Mcmillan          60     1   2  2  
 2 Evgeni Malkin            Michael Haley            40     1   2  2  

Penalty Kill 4 Players Defense
   Defense                  Defense                  Time % Phy DF OF 
 1 Philip Samuelsson        Ole-Kristian Tollefsen   60     1   2  2  
 2 Ryan O'Byrne             Jiri Fischer             40     1   2  2  

Penalty Kill - 3 Players Forward 
   Forward                                           Time % Phy DF OF 
 1 Carson Mcmillan                                   60     1   2  2  
 2 Michael Haley                                     40     1   2  2  

Penalty Kill - 3 Players Defense
   Defense                  Defense                  Time % Phy DF OF 
 1 Philip Samuelsson        Ole-Kristian Tollefsen   60     1   2  2  
 2 Ryan O'Byrne             Jiri Fischer             40     1   2  2  

4 vs 4 Forward 
   Center                   Wing                     Time % Phy DF OF 
 1 Evgeni Malkin            Kris Versteeg            60     1   2  2  
 2 Connor Brown             Marko Dano               40     1   2  2  

4 vs 4 Defense
   Defense                  Defense                  Time % Phy DF OF 
 1 Philip Samuelsson        Ole-Kristian Tollefsen   60     1   2  2  
 2 Ryan O'Byrne             Jiri Fischer             40     1   2  2  

Last Minutes Offensive
   Center                   Left Wing                Right Wing               Defense                  Defense                  
   Evgeni Malkin            Marko Dano               Kris Versteeg            Philip Samuelsson        Connor Brown             

Last Minutes Defensive
   Center                   Left Wing                Right Wing               Defense                  Defense                  
   Evgeni Malkin            Michael Haley            Carson Mcmillan          Philip Samuelsson        Ole-Kristian Tollefsen   

Goaltenders
Starting : Robin Lehner             
Backup : Josh Harding             

Extra Forwards
Normal : Petr Pohl, Alex Picard, David Krejci - PP : Petr Pohl, Alex Picard - PK : David Krejci
Extra Defensemen
Normal : Lasse Kukkonen, Jakub Kindl, Ryan O'Byrne - PP : Lasse Kukkonen - PK : Jakub Kindl, Ryan O'Byrne
Penalty Shots
Evgeni Malkin, Alex Picard, Mike Richards, Connor Brown, Carson Mcmillan

Scratches
Chuck Kobasew (Healthy), Matt Greene (Healthy)

% Time on Ice - Blackhawks

Lines # - Real PCT - Wanted PCT - Time Play
Normal Forward
1 - 36% - 40% - 17:56
2 - 27% - 30% - 13:12
3 - 24% - 20% - 11:43
4 - 14% - 10% - 6:47
Normal Defense
1 - 40% - 40% - 19:52
2 - 32% - 30% - 15:50
3 - 23% - 20% - 11:29
4 - 5% - 10% - 2:27
PP Forward
1 - 58% - 60% - 2:17
2 - 42% - 40% - 1:41
PP Defense
1 - 59% - 60% - 2:20
2 - 41% - 40% - 1:38
PK Forward
1 - 76% - 60% - 4:30
2 - 24% - 40% - 1:27
PK Defense
1 - 54% - 60% - 3:14
2 - 46% - 40% - 2:43
PK3 Forward
1 - 0% - 60%
2 - 0% - 40%
PK3 Defense
1 - 0% - 60%
2 - 0% - 40%
44 Forward
1 - 0% - 60%
2 - 0% - 40%
44 Defense
1 - 0% - 60%
2 - 0% - 40%
Last Minute Offensive  - 0:00
Last Minute Defensive  - 0:27
Total
Forward - 60:00
Defense - 60:00

% Time on Ice - Red Wings

Lines # - Real PCT - Wanted PCT - Time Play
Normal Forward
1 - 34% - 40% - 17:03
2 - 31% - 30% - 15:12
3 - 22% - 20% - 10:47
4 - 13% - 10% - 6:36
Normal Defense
1 - 40% - 40% - 19:43
2 - 34% - 30% - 16:54
3 - 22% - 20% - 11:08
4 - 4% - 10% - 1:53
PP Forward
1 - 58% - 60% - 3:28
2 - 42% - 40% - 2:29
PP Defense
1 - 62% - 60% - 3:40
2 - 38% - 40% - 2:17
PK Forward
1 - 80% - 60% - 3:10
2 - 20% - 40% - 0:48
PK Defense
1 - 64% - 60% - 2:33
2 - 36% - 40% - 1:25
PK3 Forward
1 - 0% - 60%
2 - 0% - 40%
PK3 Defense
1 - 0% - 60%
2 - 0% - 40%
44 Forward
1 - 0% - 60%
2 - 0% - 40%
44 Defense
1 - 0% - 60%
2 - 0% - 40%
Last Minute Offensive  - 0:27
Last Minute Defensive  - 0:00
Total
Forward - 60:00
Defense - 60:00

Play-by-Play

1st period


0:01 of 1st period - Evgeni Malkin wins face-off versus Derick Brassard in neutral zone.
0:16 of 1st period - Backhand shot by Evgeni Malkin.
0:16 of 1st period - Shot Blocked by John Carlson.
0:34 of 1st period - Snap shot by John Carlson.
0:34 of 1st period - Shot Blocked by Evgeni Malkin.
0:36 of 1st period - Slapshot by Brent Seabrook.
0:36 of 1st period - Shot Misses the Net.
0:38 of 1st period - Snap shot by Brent Seabrook.
0:38 of 1st period - Stopped by Robin Lehner without a rebound.
0:39 of 1st period - Cody Hodgson wins face-off versus Kris Versteeg in Red Wings zone.
0:42 of 1st period - Backhand shot by Cody Hodgson.
0:42 of 1st period - Shot Misses the Net.
0:46 of 1st period - Snap shot by Cody Hodgson.
0:46 of 1st period - Stopped by Robin Lehner with a rebound.
1:06 of 1st period - Garnet Hathaway is hit by Jiri Fischer and loses puck.
2:18 of 1st period - Snap shot by Martins Karsums.
2:18 of 1st period - Shot Blocked by Ole-Kristian Tollefsen.
2:27 of 1st period - Icing by Johnny Gaudreau.
2:28 of 1st period - Alex Picard wins face-off versus Derick Brassard in Blackhawks zone.
2:53 of 1st period - Slapshot by Mike Richards.
2:53 of 1st period - Deflect By Kris Versteeg.
2:53 of 1st period - Stopped by Jimmy Howard without a rebound.
2:54 of 1st period - Martins Karsums wins face-off versus Mike Richards in Blackhawks zone.
3:54 of 1st period - Snap shot by Antoine Roussel.
3:54 of 1st period - Stopped by Robin Lehner without a rebound.
3:55 of 1st period - Cody Hodgson wins face-off versus Evgeni Malkin in Red Wings zone.
5:15 of 1st period - Slapshot by Petr Pohl.
5:15 of 1st period - Deflect By Michael Haley.
5:15 of 1st period - Shot Misses the Net.
5:15 of 1st period - Puck is out of play.
5:16 of 1st period - Derick Brassard wins face-off versus Evgeni Malkin in Blackhawks zone.
5:43 of 1st period - Kris Versteeg is hit by Brent Seabrook and loses puck.
5:50 of 1st period - Slapshot by Martins Karsums.
5:50 of 1st period - Shot Blocked by Mike Richards.
6:42 of 1st period - Snap shot by Mike Comrie.
6:42 of 1st period - Stopped by Robin Lehner without a rebound.
6:43 of 1st period - Antoine Roussel wins face-off versus Mike Richards in Red Wings zone.
6:46 of 1st period - Wrist shot by Derick Brassard.
6:46 of 1st period - Shot Misses the Net.
6:48 of 1st period - Wrist shot by Antoine Roussel.
6:48 of 1st period - Stopped by Robin Lehner with a rebound.
7:10 of 1st period - Ryan O'Byrne is hit by Martins Karsums and loses puck.
7:31 of 1st period - Snap shot by David Krejci.
7:31 of 1st period - Shot Blocked by Tim Connolly.
7:33 of 1st period - Snap shot by David Krejci.
7:33 of 1st period - Shot Blocked by Ryan Whitney.
7:43 of 1st period - Wrist shot by Alex Picard.
7:43 of 1st period - Shot Misses the Net.
8:13 of 1st period - Snap shot by Antoine Roussel.
8:13 of 1st period - Shot Misses the Net.
8:41 of 1st period - Snap shot by Connor Brown.
8:41 of 1st period - Shot Misses the Net.
8:43 of 1st period - Slapshot by Philip Samuelsson.
8:43 of 1st period - Stopped by Jimmy Howard with a rebound.
8:45 of 1st period - Snap shot by Evgeni Malkin.
8:45 of 1st period - Shot Blocked by Brent Seabrook.
9:27 of 1st period - Off-side.
9:28 of 1st period - Evgeni Malkin wins face-off versus Derick Brassard in neutral zone.
9:41 of 1st period - Backhand shot by Antoine Roussel.
9:41 of 1st period - Stopped by Robin Lehner without a rebound.
9:42 of 1st period - Evgeni Malkin wins face-off versus Derick Brassard in Red Wings zone.
10:38 of 1st period - Slapshot by Martins Karsums.
10:38 of 1st period - Shot Blocked by Ryan O'Byrne.
10:40 of 1st period - Wrist shot by Martins Karsums.
10:40 of 1st period - Shot Misses the Net.
10:44 of 1st period - Wrist shot by Martins Karsums.
10:44 of 1st period - Stopped by Robin Lehner with a rebound.
11:37 of 1st period - Slapshot by John Carlson.
11:37 of 1st period - Stopped by Robin Lehner without a rebound.
11:38 of 1st period - Cody Hodgson wins face-off versus Mike Richards in Red Wings zone.
12:02 of 1st period - Icing by Ole-Kristian Tollefsen.
12:03 of 1st period - Evgeni Malkin wins face-off versus Derick Brassard in Red Wings zone.
13:16 of 1st period - Snap shot by Mike Comrie.
13:16 of 1st period - Stopped by Robin Lehner with a rebound.
15:11 of 1st period - Wrist shot by Evgeni Malkin.
15:11 of 1st period - Stopped by Jimmy Howard with a rebound.
15:29 of 1st period - Backhand shot by Martins Karsums.
15:29 of 1st period - Stopped by Robin Lehner without a rebound.
15:30 of 1st period - Derick Brassard wins face-off versus Evgeni Malkin in Red Wings zone.
15:40 of 1st period - Wrist shot by Evgeni Malkin.
15:40 of 1st period - Shot Misses the Net.
15:42 of 1st period - Wrist shot by Kellan Lain.
15:42 of 1st period - Stopped by Jimmy Howard without a rebound.
15:43 of 1st period - Derick Brassard wins face-off versus Evgeni Malkin in Blackhawks zone.
15:54 of 1st period - Snap shot by Kellan Lain.
15:54 of 1st period - Shot Misses the Net.
15:56 of 1st period - Wrist shot by Evgeni Malkin.
15:56 of 1st period - Shot Blocked by Brent Seabrook.
16:24 of 1st period - Snap shot by Connor Brown.
16:24 of 1st period - Goal by Connor Brown - Blackhawks : 0 - Red Wings : 1.
16:25 of 1st period - Mike Richards wins face-off versus Derick Brassard in neutral zone.
16:34 of 1st period - Snap shot by Mike Richards.
16:34 of 1st period - Shot Misses the Net.
16:52 of 1st period - Mike Richards is hit by John Carlson and loses puck.
16:59 of 1st period - Wrist shot by Patrick Marleau.
16:59 of 1st period - Stopped by Robin Lehner with a rebound.
17:01 of 1st period - Wrist shot by Tim Connolly.
17:01 of 1st period - Shot Misses the Net.
17:03 of 1st period - Wrist shot by Tim Connolly.
17:03 of 1st period - Goal by Tim Connolly - Blackhawks : 1 - Red Wings : 1.
17:04 of 1st period - Evgeni Malkin wins face-off versus Derick Brassard in neutral zone.
17:06 of 1st period - Minor Penalty to Ole-Kristian Tollefsen for Hooking.
17:07 of 1st period - Derick Brassard wins face-off versus Darroll Powe in Red Wings zone.
17:17 of 1st period - Slapshot by Antoine Roussel.
17:17 of 1st period - Stopped by Robin Lehner with a rebound.
17:19 of 1st period - Snap shot by Tim Connolly.
17:19 of 1st period - Stopped by Robin Lehner without a rebound.
17:20 of 1st period - Darroll Powe wins face-off versus Derick Brassard in Red Wings zone.
17:31 of 1st period - Backhand shot by Carson Mcmillan.
17:31 of 1st period - Stopped by Jimmy Howard without a rebound.
17:32 of 1st period - Derick Brassard wins face-off versus Darroll Powe in Blackhawks zone.
18:59 of 1st period - Jakub Kindl is hit by Tim Connolly and loses puck.
19:06 of 1st period - Penalty to Ole-Kristian Tollefsen is over, Ole-Kristian Tollefsen is back on ice.
19:21 of 1st period - Icing by Brent Seabrook.
19:22 of 1st period - Mike Richards wins face-off versus Mike Comrie in Blackhawks zone.
19:25 of 1st period - Snap shot by Marko Dano.
19:25 of 1st period - Stopped by Jimmy Howard without a rebound.
19:26 of 1st period - Mike Richards wins face-off versus Cody Hodgson in Blackhawks zone.
19:27 of 1st period - Snap shot by Kris Versteeg.
19:27 of 1st period - Shot Blocked by Nick Leddy.
19:49 of 1st period - Slapshot by Kris Versteeg.
19:49 of 1st period - Stopped by Jimmy Howard with a rebound.
19:51 of 1st period - Wrist shot by Marko Dano.
19:51 of 1st period - Goal by Marko Dano - Blackhawks : 1 - Red Wings : 2.
19:52 of 1st period - Evgeni Malkin wins face-off versus Derick Brassard in neutral zone.
Goals for this period are 1 for Blackhawks vs 2 for Red Wings.
Shots for this period are 14 for Blackhawks vs 9 for Red Wings.

2nd period


0:01 of 2nd period - Derick Brassard wins face-off versus Evgeni Malkin in neutral zone.
0:12 of 2nd period - Snap shot by Connor Brown.
0:12 of 2nd period - Shot Misses the Net.
0:14 of 2nd period - Snap shot by Evgeni Malkin.
0:14 of 2nd period - Shot Blocked by Brent Seabrook.
0:16 of 2nd period - Slapshot by Philip Samuelsson.
0:16 of 2nd period - Stopped by Jimmy Howard with a rebound.
0:22 of 2nd period - Minor Penalty to Derick Brassard for High sticking.
0:23 of 2nd period - Evgeni Malkin wins face-off versus Mike Comrie in Blackhawks zone.
0:26 of 2nd period - Backhand shot by Kris Versteeg.
0:26 of 2nd period - Stopped by Jimmy Howard without a rebound.
0:27 of 2nd period - Evgeni Malkin wins face-off versus Mike Comrie in Blackhawks zone.
2:22 of 2nd period - Penalty to Derick Brassard is over, Derick Brassard is back on ice.
2:40 of 2nd period - Snap shot by Alex Picard.
2:40 of 2nd period - Shot Misses the Net.
2:56 of 2nd period - Snap shot by Darroll Powe.
2:56 of 2nd period - Shot Blocked by Matthew Spiller.
4:02 of 2nd period - Off-side.
4:03 of 2nd period - Tim Connolly wins face-off versus Evgeni Malkin in neutral zone.
4:12 of 2nd period - Snap shot by Patrick Marleau.
4:12 of 2nd period - Deflect By Tim Connolly.
4:12 of 2nd period - Stopped by Robin Lehner with a rebound.
4:17 of 2nd period - Off-side.
4:18 of 2nd period - Derick Brassard wins face-off versus Mike Richards in neutral zone.
4:31 of 2nd period - Snap shot by Kris Versteeg.
4:31 of 2nd period - Stopped by Jimmy Howard without a rebound.
4:32 of 2nd period - Derick Brassard wins face-off versus Evgeni Malkin in Blackhawks zone.
5:34 of 2nd period - Gustav Nyquist is hit by David Krejci and loses puck.
6:33 of 2nd period - Slapshot by John Carlson.
6:33 of 2nd period - Stopped by Robin Lehner with a rebound.
6:35 of 2nd period - Snap shot by Patrick Marleau.
6:35 of 2nd period - Shot Blocked by Jiri Fischer.
6:37 of 2nd period - Wrist shot by Gustav Nyquist.
6:37 of 2nd period - Shot Blocked by Ryan O'Byrne.
6:39 of 2nd period - Snap shot by Gustav Nyquist.
6:39 of 2nd period - Stopped by Robin Lehner without a rebound.
6:40 of 2nd period - Evgeni Malkin wins face-off versus Derick Brassard in Red Wings zone.
7:07 of 2nd period - Philip Samuelsson is hit by Nick Leddy and loses puck.
7:30 of 2nd period - Jakub Kindl is hit by Gabriel Bourque and loses puck.
7:51 of 2nd period - Slapshot by Derick Brassard.
7:51 of 2nd period - Shot Blocked by Philip Samuelsson.
7:53 of 2nd period - Wrist shot by Antoine Roussel.
7:53 of 2nd period - Shot Blocked by Ole-Kristian Tollefsen.
9:28 of 2nd period - Antoine Roussel is hit by Ryan O'Byrne and loses puck.
10:13 of 2nd period - Lasse Kukkonen is hit by Gustav Nyquist and loses puck.
11:07 of 2nd period - Jakub Kindl is hit by Gabriel Bourque and loses puck.
12:10 of 2nd period - Ryan Whitney is hit by Ole-Kristian Tollefsen and loses puck.
12:44 of 2nd period - Lasse Kukkonen is hit by Tim Connolly and loses puck.
13:21 of 2nd period - Garnet Hathaway is hit by Philip Samuelsson and loses puck.
13:31 of 2nd period - Icing by Philip Samuelsson.
13:32 of 2nd period - Cody Hodgson wins face-off versus Kris Versteeg in Red Wings zone.
13:41 of 2nd period - Slapshot by Derick Brassard.
13:41 of 2nd period - Stopped by Robin Lehner without a rebound.
13:42 of 2nd period - Brad Boyes wins face-off versus Evgeni Malkin in Red Wings zone.
13:45 of 2nd period - Backhand shot by Derick Brassard.
13:45 of 2nd period - Shot Misses the Net.
13:47 of 2nd period - Snap shot by Matthew Spiller.
13:47 of 2nd period - Shot Misses the Net.
13:49 of 2nd period - Wrist shot by Brad Boyes.
13:49 of 2nd period - Stopped by Robin Lehner without a rebound.
13:50 of 2nd period - Derick Brassard wins face-off versus Evgeni Malkin in Red Wings zone.
13:50 of 2nd period - John Carlson is hit by Jiri Fischer and loses puck.
14:01 of 2nd period - Antoine Roussel is hit by Evgeni Malkin and loses puck.
14:40 of 2nd period - Wrist shot by Mike Comrie.
14:40 of 2nd period - Stopped by Robin Lehner without a rebound.
14:41 of 2nd period - Mike Comrie wins face-off versus David Krejci in Red Wings zone.
14:42 of 2nd period - Wrist shot by Garnet Hathaway.
14:42 of 2nd period - Stopped by Robin Lehner with a rebound.
14:48 of 2nd period - Wrist shot by Philip Samuelsson.
14:48 of 2nd period - Deflect By Alex Picard.
14:48 of 2nd period - Stopped by Jimmy Howard without a rebound.
14:49 of 2nd period - Evgeni Malkin wins face-off versus Derick Brassard in Blackhawks zone.
14:50 of 2nd period - Snap shot by Connor Brown.
14:50 of 2nd period - Stopped by Jimmy Howard without a rebound.
14:51 of 2nd period - Evgeni Malkin wins face-off versus Derick Brassard in Blackhawks zone.
15:00 of 2nd period - Snap shot by Evgeni Malkin.
15:00 of 2nd period - Deflect By Connor Brown.
15:00 of 2nd period - Shot Blocked by Brad Boyes.
15:00 of 2nd period - Puck is out of play.
15:01 of 2nd period - Derick Brassard wins face-off versus Evgeni Malkin in Blackhawks zone.
15:32 of 2nd period - Slapshot by Torey Krug.
15:32 of 2nd period - Stopped by Robin Lehner without a rebound.
15:33 of 2nd period - Cody Hodgson wins face-off versus Mike Richards in Red Wings zone.
15:48 of 2nd period - Snap shot by Kris Versteeg.
15:48 of 2nd period - Stopped by Jimmy Howard with a rebound.
15:50 of 2nd period - Wrist shot by Marko Dano.
15:50 of 2nd period - Stopped by Jimmy Howard with a rebound.
16:00 of 2nd period - Cody Hodgson is hit by Carson Mcmillan and loses puck.
16:29 of 2nd period - Wrist shot by Antoine Roussel.
16:29 of 2nd period - Deflect By Ole-Kristian Tollefsen.
16:29 of 2nd period - Shot Misses the Net.
16:29 of 2nd period - Puck is out of play.
16:30 of 2nd period - Derick Brassard wins face-off versus Evgeni Malkin in Red Wings zone.
16:39 of 2nd period - Wrist shot by Jiri Fischer.
16:39 of 2nd period - Deflect By John Carlson.
16:39 of 2nd period - Stopped by Jimmy Howard with a rebound.
16:41 of 2nd period - Snap shot by Ryan O'Byrne.
16:41 of 2nd period - Shot Misses the Net.
17:41 of 2nd period - Minor Penalty to Johnny Gaudreau for Hooking.
17:42 of 2nd period - Mike Comrie wins face-off versus Evgeni Malkin in Blackhawks zone.
17:42 of 2nd period - Mike Comrie is hit by Ole-Kristian Tollefsen.
19:07 of 2nd period - Derick Brassard is hit by Kris Versteeg and loses puck.
19:41 of 2nd period - Penalty to Johnny Gaudreau is over, Johnny Gaudreau is back on ice.
19:57 of 2nd period - Wrist shot by David Krejci.
19:57 of 2nd period - Stopped by Jimmy Howard without a rebound.
19:58 of 2nd period - David Krejci wins face-off versus Cody Hodgson in Blackhawks zone.
Goals for this period are 0 for Blackhawks vs 0 for Red Wings.
Shots for this period are 8 for Blackhawks vs 9 for Red Wings.

3rd period


0:01 of 3rd period - Evgeni Malkin wins face-off versus Derick Brassard in neutral zone.
0:26 of 3rd period - Mike Richards is hit by Cody Hodgson.
0:50 of 3rd period - Snap shot by Gabriel Bourque.
0:50 of 3rd period - Shot Misses the Net.
0:52 of 3rd period - Wrist shot by Gabriel Bourque.
0:52 of 3rd period - Shot Misses the Net.
0:54 of 3rd period - Snap shot by Gabriel Bourque.
0:54 of 3rd period - Stopped by Robin Lehner with a rebound.
0:56 of 3rd period - Snap shot by Garnet Hathaway.
0:56 of 3rd period - Stopped by Robin Lehner with a rebound.
1:20 of 3rd period - Slapshot by Torey Krug.
1:20 of 3rd period - Stopped by Robin Lehner without a rebound.
1:21 of 3rd period - Derick Brassard wins face-off versus Evgeni Malkin in Red Wings zone.
1:26 of 3rd period - Snap shot by Derick Brassard.
1:26 of 3rd period - Shot Hit the Post.
1:36 of 3rd period - Slapshot by Antoine Roussel.
1:36 of 3rd period - Stopped by Robin Lehner with a rebound.
1:38 of 3rd period - Slapshot by Ryan Whitney.
1:38 of 3rd period - Stopped by Robin Lehner with a rebound.
1:50 of 3rd period - Wrist shot by Johnny Gaudreau.
1:50 of 3rd period - Stopped by Robin Lehner without a rebound.
1:51 of 3rd period - Cody Hodgson wins face-off versus Mike Richards in Red Wings zone.
1:52 of 3rd period - Snap shot by Johnny Gaudreau.
1:52 of 3rd period - Stopped by Robin Lehner without a rebound.
1:53 of 3rd period - Derick Brassard wins face-off versus Mike Richards in Red Wings zone.
2:36 of 3rd period - Kris Versteeg is hit by Brad Boyes and loses puck.
2:52 of 3rd period - Minor Penalty to Mike Richards for Roughing.
2:53 of 3rd period - Darroll Powe wins face-off versus Brad Boyes in Red Wings zone.
4:52 of 3rd period - Penalty to Mike Richards is over, Mike Richards is back on ice.
5:15 of 3rd period - Snap shot by Kris Versteeg.
5:15 of 3rd period - Deflect By Mike Richards.
5:15 of 3rd period - Stopped by Jimmy Howard with a rebound.
6:24 of 3rd period - Slapshot by Brent Seabrook.
6:24 of 3rd period - Stopped by Robin Lehner with a rebound.
6:44 of 3rd period - Snap shot by Evgeni Malkin.
6:44 of 3rd period - Stopped by Jimmy Howard with a rebound.
7:07 of 3rd period - Icing by Johnny Gaudreau.
7:08 of 3rd period - Mike Richards wins face-off versus Cody Hodgson in Blackhawks zone.
7:26 of 3rd period - Icing by Nick Leddy.
7:27 of 3rd period - Derick Brassard wins face-off versus Evgeni Malkin in Blackhawks zone.
7:50 of 3rd period - Snap shot by Antoine Roussel.
7:50 of 3rd period - Goal by Antoine Roussel - Blackhawks : 2 - Red Wings : 2.
7:51 of 3rd period - Evgeni Malkin wins face-off versus Derick Brassard in neutral zone.
7:54 of 3rd period - Wrist shot by Kellan Lain.
7:54 of 3rd period - Shot Blocked by Derick Brassard.
7:56 of 3rd period - Slapshot by Ole-Kristian Tollefsen.
7:56 of 3rd period - Shot Blocked by Derick Brassard.
7:58 of 3rd period - Backhand shot by Evgeni Malkin.
7:58 of 3rd period - Shot Hit the Post.
8:00 of 3rd period - Wrist shot by Evgeni Malkin.
8:00 of 3rd period - Goal by Evgeni Malkin - Blackhawks : 2 - Red Wings : 3.
8:01 of 3rd period - Derick Brassard wins face-off versus Evgeni Malkin in neutral zone.
8:03 of 3rd period - Minor Penalty to Brent Seabrook for Holding.
8:04 of 3rd period - Evgeni Malkin wins face-off versus Mike Comrie in Blackhawks zone.
8:20 of 3rd period - Wrist shot by Kris Versteeg.
8:20 of 3rd period - Stopped by Jimmy Howard without a rebound.
8:21 of 3rd period - Evgeni Malkin wins face-off versus Mike Comrie in Blackhawks zone.
10:03 of 3rd period - Penalty to Brent Seabrook is over, Brent Seabrook is back on ice.
10:18 of 3rd period - Wrist shot by Cody Hodgson.
10:18 of 3rd period - Stopped by Robin Lehner without a rebound.
10:19 of 3rd period - Darroll Powe wins face-off versus Tim Connolly in Red Wings zone.
10:44 of 3rd period - Snap shot by John Carlson.
10:44 of 3rd period - Stopped by Robin Lehner with a rebound.
11:03 of 3rd period - Antoine Roussel is hit by Evgeni Malkin and loses puck.
11:08 of 3rd period - Slapshot by Connor Brown.
11:08 of 3rd period - Stopped by Jimmy Howard without a rebound.
11:09 of 3rd period - Mike Richards wins face-off versus Derick Brassard in Blackhawks zone.
11:26 of 3rd period - Wrist shot by Mike Richards.
11:26 of 3rd period - Stopped by Jimmy Howard with a rebound.
12:37 of 3rd period - Off-side.
12:38 of 3rd period - Mike Richards wins face-off versus Derick Brassard in neutral zone.
12:43 of 3rd period - Wrist shot by Mike Richards.
12:43 of 3rd period - Stopped by Jimmy Howard with a rebound.
12:52 of 3rd period - Off-side.
12:53 of 3rd period - Evgeni Malkin wins face-off versus Cody Hodgson in neutral zone.
14:20 of 3rd period - Slapshot by Torey Krug.
14:20 of 3rd period - Deflect By Gustav Nyquist.
14:20 of 3rd period - Shot Misses the Net.
14:20 of 3rd period - Puck is out of play.
14:21 of 3rd period - Evgeni Malkin wins face-off versus Derick Brassard in Red Wings zone.
14:46 of 3rd period - Icing by Kellan Lain.
14:47 of 3rd period - Evgeni Malkin wins face-off versus Cody Hodgson in Red Wings zone.
14:47 of 3rd period - Evgeni Malkin is hit by Torey Krug.
15:15 of 3rd period - Snap shot by Connor Brown.
15:15 of 3rd period - Shot Misses the Net.
15:17 of 3rd period - Wrist shot by Jakub Kindl.
15:17 of 3rd period - Stopped by Jimmy Howard with a rebound.
15:19 of 3rd period - Snap shot by Kellan Lain.
15:19 of 3rd period - Stopped by Jimmy Howard without a rebound.
15:20 of 3rd period - Evgeni Malkin wins face-off versus Derick Brassard in Blackhawks zone.
16:22 of 3rd period - Snap shot by Johnny Gaudreau.
16:22 of 3rd period - Goal by Johnny Gaudreau - Blackhawks : 3 - Red Wings : 3.
16:23 of 3rd period - Patrick Marleau wins face-off versus David Krejci in neutral zone.
16:35 of 3rd period - Off-side.
16:36 of 3rd period - Tim Connolly wins face-off versus David Krejci in neutral zone.
17:27 of 3rd period - Icing by Mike Richards.
17:28 of 3rd period - Mike Richards wins face-off versus Tim Connolly in Red Wings zone.
17:42 of 3rd period - Slapshot by Mike Richards.
17:42 of 3rd period - Shot Misses the Net.
17:44 of 3rd period - Backhand shot by Ole-Kristian Tollefsen.
17:44 of 3rd period - Shot Misses the Net.
18:03 of 3rd period - Wrist shot by Mike Richards.
18:03 of 3rd period - Deflect By Marko Dano.
18:03 of 3rd period - Stopped by Jimmy Howard with a rebound.
18:05 of 3rd period - Snap shot by Marko Dano.
18:05 of 3rd period - Shot Blocked by Tim Connolly.
18:15 of 3rd period - Wrist shot by Kris Versteeg.
18:15 of 3rd period - Stopped by Jimmy Howard without a rebound.
18:16 of 3rd period - Derick Brassard wins face-off versus David Krejci in Blackhawks zone.
18:25 of 3rd period - Snap shot by Derick Brassard.
18:25 of 3rd period - Shot Misses the Net.
18:27 of 3rd period - Slapshot by Brent Seabrook.
18:27 of 3rd period - Shot Misses the Net.
18:29 of 3rd period - Slapshot by John Carlson.
18:29 of 3rd period - Shot Blocked by Lasse Kukkonen.
18:31 of 3rd period - Snap shot by Brad Boyes.
18:31 of 3rd period - Stopped by Robin Lehner with a rebound.
18:45 of 3rd period - Brent Seabrook is hit by Kellan Lain and loses puck.
19:32 of 3rd period - Snap shot by Tim Connolly.
19:32 of 3rd period - Goal by Tim Connolly - Blackhawks : 4 - Red Wings : 3.
19:33 of 3rd period - Evgeni Malkin wins face-off versus Derick Brassard in neutral zone.
19:36 of 3rd period - Red Wings, Robin Lehner is pulled from the net.
19:42 of 3rd period - Slapshot by Kris Versteeg.
19:42 of 3rd period - Stopped by Jimmy Howard with a rebound.
19:44 of 3rd period - Snap shot by Evgeni Malkin.
19:44 of 3rd period - Stopped by Jimmy Howard without a rebound.
19:45 of 3rd period - Terry Murray call a timeout for Red Wings.
19:45 of 3rd period - Derick Brassard wins face-off versus Evgeni Malkin in Blackhawks zone.
19:54 of 3rd period - Snap shot by Evgeni Malkin.
19:54 of 3rd period - Shot Misses the Net.
19:58 of 3rd period - Wrist shot by Marko Dano.
19:58 of 3rd period - Shot Blocked by Brent Seabrook.
Goals for this period are 3 for Blackhawks vs 1 for Red Wings.
Shots for this period are 14 for Blackhawks vs 13 for Red Wings. Output by the SimonT Hockey Simulator (STHS) for Francois Prevost - Original Page W3C HTML5 Valid
Hockey Simulator - Hockey Simulation - Hockey Manager